Map: Acropolis LE

Players

Harstem

  • Race: Protoss Protoss
  • League: Grandmaster
  • Spawn Location: 11:00

A.I. 2 (Very Easy) - Winner!

  • Race: Terran Terran
  • Spawn Location: 5:00

VOD

Have the link to the VOD?

Description

Harstem PvT Robo Twilight Double Forge Opener

Time

  • Played on: Oct. 30, 2019, 5:51 a.m.
  • Length: 7:27
Show
View Real Time Build Order
Export as new Build Order

Harstem Protoss 

Build Orders: 1 Gate Expand, Double Forge, Blink Stalkers, Zealot Archon 

Get SALT Encoding   

  12  0:00  Probe  
  13  0:12  Probe  
  14  0:18  Pylon  
  14  0:25  Probe (Chrono Boost)  
  15  0:36  Gateway  
  15  0:37  Probe (Chrono Boost)  
  16  0:44  Probe (Chrono Boost)  
  17  0:51  Probe  
  17  0:54  Assimilator  
  18  1:03  Probe  
  19  1:15  Probe  
  20  1:22  Nexus  
  20  1:32  Cybernetics Core  
  20  1:36  Probe  
  21  1:40  Assimilator  
  21  1:48  Probe  
  21  1:52  Pylon  
  22  2:00  Probe  
  23  2:09  Warp Gate  
  23  2:12  Probe  
  23  2:13  Stalker (Chrono Boost)  
  26  2:24  Probe  
  26  2:25  Robotics Facility  
  27  2:33  Stalker (Chrono Boost)  
  27  2:34  Probe (Chrono Boost)  
  31  2:42  Probe (Chrono Boost)  
  32  2:45  Probe (Chrono Boost)  
  32  2:50  Probe x2 (Chrono Boost)  
  33  2:54  Twilight Council  
  34  3:00  Probe x2  
  36  3:06  Gateway  
  36  3:12  Probe  
  38  3:13  Probe, Observer (Chrono Boost)  
  38  3:17  Gateway  
  39  3:24  Probe  
  39  3:26  Probe  
  41  3:28  Blink (Chrono Boost), Pylon  
  41  3:36  Probe  
  41  3:38  Probe  
  43  3:46  Assimilator  
  43  3:48  Probe  
  43  3:51  Probe  
  43  3:54  Observer  
  46  3:57  Pylon  
  46  4:02  Nexus  
  46  4:04  Probe  
  46  4:08  Stalker  
  49  4:11  Stalker  
  52  4:17  Pylon  
  52  4:19  Stalker  
  52  4:21  Probe  
  52  4:23  Observer  
  55  4:29  Probe, Pylon  
  56  4:31  Stalker  
  56  4:38  Probe  
  59  4:41  Stalker  
  59  4:42  Stalker  
  63  4:48  Probe  
  63  4:50  Probe  
  65  4:54  Forge x2  
  65  5:00  Probe  
  65  5:02  Probe  
  67  5:12  Gateway x2  
  67  5:13  Charge (Chrono Boost)  
  67  5:15  Probe  
  67  5:16  Gateway  
  67  5:18  Probe x2  
  70  5:22  Protoss Ground Weapons Level 1 (Chrono Boost)  
  70  5:27  Probe  
  71  5:30  Probe x2  
  71  5:31  Protoss Ground Armor Level 1 (Chrono Boost)  
  71  5:33  Sentry  
  75  5:37  Pylon  
  75  5:39  Probe  
  77  5:42  Immortal (Chrono Boost), Probe  
  77  5:43  Probe  
  82  5:55  Zealot x2  
  86  5:57  Pylon  
  86  6:03  Gateway  
  86  6:07  Gateway  
  86  6:11  Pylon, Templar Archives  
  86  6:13  Pylon  
  86  6:14  Zealot x4  
  94  6:19  Zealot x2, Pylon  
  94  6:23  Immortal (Chrono Boost)  
  98  6:29  Pylon  
  102  6:35  Zealot x3  
  102  6:36  Zealot  
  110  6:40  Zealot x2  
  114  6:53  Pylon x2  
  115  6:56  Zealot x4  
  115  7:00  High Templar  
  115  7:01  High Templar  
  126  7:02  Zealot x2  
  126  7:08  Pylon  
  130  7:09  Pylon  
  130  7:10  Pylon, Archon  
  130  7:17  Zealot x4  
Show
View Real Time Build Order
Export as new Build Order

A.I. 2 (Very Easy) Terran - Winner!

Build Orders:  

Get SALT Encoding   

  12  0:00  SCV  
  13  0:13  SCV  
  14  0:17  Supply Depot  
  14  0:37  Refinery  
  14  0:43  Barracks  
  14  1:05  Supply Depot  
  14  1:12  Refinery  
  14  1:30  Marine, Orbital Command  
  15  1:56  SCV  
  16  2:08  SCV  
  17  2:19  Barracks Tech Lab  
  17  2:20  SCV  
  18  2:32  SCV  
  18  2:37  Marine  
  20  2:44  SCV  
  21  2:56  SCV  
  22  3:26  Marauder  
  23  6:25  SCV  
  24  6:52  SCV  
  24  6:53  Marine  
  24  6:54  Supply Depot  
  26  6:56  Factory  
  26  7:00  Command Center  
  26  7:04  SCV  
  27  7:17  Supply Depot  
Tags
 
Add a new tag
Caveats
  • Supply blocks, unpowered buildings, or Contaminate may cause inaccurate times.
  • Supply counts are checked every 10 seconds.